 Dungeon Crawl Stone Soup version 0.27-a0-1188-g73eefd5def (webtiles) character file.

Game seed: 3042830206063521754

339 leviel the Chopper (level 6, 0/53 HPs)
             Began as a Hill Orc Monk on May 22, 2021.
             Splashed by a jelly's acid (8 damage)
             ... on level 4 of the Dungeon.
             The game lasted 00:06:38 (5130 turns).

leviel the Chopper (Hill Orc Monk)                  Turns: 5130, Time: 00:06:39

Health: 0/53       AC:  4    Str: 22    XL:     6   Next: 55%
Magic:  6/6        EV:  7    Int: 10    God:
Gold:   121        SH:  0    Dex: 13    Spells: 5/5 levels left

rFire    . . .     SeeInvis .   a - +0 hand axe
rCold    . . .     Faith    .   (no shield)
rNeg     . . .     Spirit   .   e - +0 plate armour
rPois    .         Reflect  .   (no helmet)
rElec    .         Harm     .   (no cloak)
rCorr    .         Rampage  .   (no gloves)
Will     .....                  (no boots)
Stlth    ..........             (no amulet)
HPRegen  0.17/turn              f - +6 ring of strength
MPRegen  0.10/turn              (no ring)

@: corroded
A: no striking features
a: no special abilities


You were on level 4 of the Dungeon.
You visited 1 branch of the dungeon, and saw 4 of its levels.

You collected 121 gold pieces.

Inventory:

Hand Weapons
 a - a +0 hand axe (weapon)
Missiles
 d - a throwing net (quivered)
Armour
 e - a +0 plate armour (worn)
Jewellery
 f - a +6 ring of strength (left hand)
Scrolls
 c - a scroll of fog


   Skills:
 - Level 4.4 Fighting
 - Level 5.4 Axes
 + Level 5.2 Armour
 - Level 2.8 Dodging
 - Level 1.7 Stealth


You had 5 spell levels left.
You didn't know any spells.
Your spell library was empty.

Dungeon Overview and Level Annotations

Branches:
Dungeon (4/15)
 Temple: D:4-7

Altars:
Cheibriados
Elyvilon
Fedhas
Makhleb
Sif Muna
Vehumet


Message History

You completely miss the jelly.
The jelly is lightly wounded.
The jelly hits you.
You are splashed with acid!
You hit the jelly.
Your hands burn!
The jelly is heavily wounded.
The jelly hits you but does no damage.
You hit the jelly but do no damage.
Your hands burn!
The jelly is heavily wounded.
The jelly hits you but does no damage.
You hit the jelly but do no damage.
Your hands burn!
The jelly is heavily wounded.
The jelly barely misses you.
You are too injured to fight recklessly!
You are too injured to fight recklessly!
You are too injured to fight recklessly!
You are too injured to fight recklessly!
You are too injured to fight recklessly!
You are too injured to fight recklessly!
You are too injured to fight recklessly!
You are too injured to fight recklessly!
You are too injured to fight recklessly!
You are too injured to fight recklessly!
You are too injured to fight recklessly!
You are too injured to fight recklessly!
You are too injured to fight recklessly!
You are too injured to fight recklessly!
You hit the jelly but do no damage.
Your hands burn!
The jelly is heavily wounded.
The jelly hits you but does no damage.
You hit the jelly but do no damage. The acid corrodes you!
Your hands burn!
The jelly is heavily wounded.
The jelly hits you.
You are splashed with acid!
* * * LOW HITPOINT WARNING * * *
You hit the jelly.
Your hands burn!
* * * LOW HITPOINT WARNING * * *
The jelly is heavily wounded.
The jelly hits you.
* * * LOW HITPOINT WARNING * * *
You are splashed with acid!
You die...

* *,* ********,**,,,,*
**♣.♣**** *,**,**,*
,,..),,,* *,**,,*,*
**♣.♣**,*#####.#**,#,*
♣.♣ *,*#.....# *.#,*
#.###**#(#######.#,*
#.#.# #.# #...*,*
#..#* #.#####.###.#
#.######.##...@....#
#<..........##J#####
########.#####)# #.#
#.# #########)# #.#
#.........# #.#
##........## #.#
...._..._.## #.#
##.........# *,*


You could see a jelly.

Vanquished Creatures
  2 phantoms (D:4)
  A scorpion (D:3)
  3 adders
  4 worms
  5 dart slugs
  4 orcs (D:3)
  8 endoplasms
  A giant cockroach (D:2)
  5 goblins
  6 hobgoblins
  9 jackals
  A quokka (D:3)
  4 ball pythons
  6 bats
  A frilled lizard (D:1)
  7 kobolds
  7 rats
74 creatures vanquished.

Notes
Turn   | Place    | Note
-------+----------+-------------------------------------------
     0 | D:1      | leviel the Hill Orc Monk began the quest for the Orb.
     0 | D:1      | Reached XP level 1. HP: 19/19 MP: 1/1
   102 | D:1      | Reached XP level 2. HP: 23/27 MP: 2/2
   811 | D:1      | Reached XP level 3. HP: 28/33 MP: 3/3
  1518 | D:2      | Reached skill level 5 in Axes
  1531 | D:2      | HP: 1/33 [frozen (4)]
  2010 | D:2      | Reached XP level 4. HP: 19/41 MP: 4/4
  2893 | D:2      | Reached skill level 1 in Armour
  2979 | D:3      | Noticed a scorpion
  2998 | D:3      | Killed a scorpion
  2999 | D:3      | Reached XP level 5. HP: 9/47 MP: 5/5
  3735 | D:3      | Found a faded altar of an unknown god.
  4269 | D:4      | Found a shimmering blue altar of Sif Muna.
  4269 | D:4      | Noticed a phantom
  4270 | D:4      | Found a radiant altar of Vehumet.
  4292 | D:4      | Killed a phantom
  4293 | D:4      | Reached XP level 6. HP: 33/53 MP: 6/6
  4616 | D:4      | Found a white marble altar of Elyvilon.
  4616 | D:4      | Found a snail-covered altar of Cheibriados.
  4616 | D:4      | Found a blossoming altar of Fedhas.
  4616 | D:4      | Found a burning altar of Makhleb.
  4648 | D:4      | Reached skill level 5 in Armour
  5130 | D:4      | Splashed by a jelly's acid

Illustrated notes

Levels and vault maps discovered:
D:1:      lemuel_arrival_lava_pool, layout_loops_ring, minmay_heptomino_o4
D:2:      layout_basic
D:3:      layout_loops_ring, chequers_ecumenical_altar_lobes
D:4:      layout_loops_ring, lemuel_doored_altar, grunt_temple_overflow_open,
          minmay_tree_intersection

Skill      XL: |  1  2  3  4  5  6 |
---------------+-------------------+-----
Fighting       | 4 |  4.4
Axes           | 5 |  5.4
Armour         | 3 4 5 |  5.2
Dodging        | |  2.8
Stealth        | |  1.7

Action                   |  1- 3 |  4- 6 || total
-------------------------+-------+-------++-------
Melee: Hand axe          |   135 |   162 ||   297
Throw: Throwing net      |       |     1 ||     1
  Use: Scroll            |     5 |     1 ||     6
       Potion            |     1 |     2 ||     3
Armor: Robe              |    23 |       ||    23
       Plate armour      |       |    98 ||    98
Dodge: Dodged            |    77 |    40 ||   117

Table legend: (Time is in decaauts)
 A = Elapsed time spent in this place.
 B = Non-inter-level travel time spent in this place.
 C = Inter-level travel time spent in this place.
 D = Time resting spent in this place.
 E = Time spent auto-exploring this place.
 F = Levels seen in this place.
 G = Mean time per level.
                   A        B        C        D        E       F      G
               +--------+--------+--------+--------+--------+-----+--------+
         Total |   5144 |   5069 |     75 |   1974 |   2472 |   4 | 1286.0 |
       Dungeon |   5144 |   5069 |     75 |   1974 |   2472 |   4 | 1286.0 |
               +--------+--------+--------+--------+--------+-----+--------+

Top non-repeatable levels by time:
     D:3: 1542 daAuts
     D:1: 1509 daAuts
     D:2: 1445 daAuts
     D:4: 646 daAuts
